 Dungeon Crawl Stone Soup version 0.30.0-12-gd5a94ecb5d (console) character file.

Game seed: 16584818185459682047

165 Mandevil the Trooper (level 5, -4/50 HPs)
             Began as a Minotaur Berserker on May 17, 2023.
             Was a Priest of Trog.
             Killed from afar by Natasha (12 damage)
             ... with a bolt of dispelling energy
             ... on level 3 of the Dungeon.
             The game lasted 00:02:59 (2126 turns).

Mandevil the Trooper (Minotaur Berserker)           Turns: 2126, Time: 00:03:00

Health: -4/50      AC:  4    Str: 23    XL:     5   Next: 21%
Magic:  4/4        EV: 11    Int:  4    God:    Trog [***...]
Gold:   122        SH:  0    Dex: 10    Spells: 4/4 levels left

rFire   . . .        a - +0 hand axe (elec)
rCold   . . .        (no shield)
rNeg    . . .        c - +0 leather armour
rPois   .            (helmet restricted)
rElec   .            (no cloak)
rCorr   .            l - +0 pair of gloves
SInv    .            (no boots)
Will    .....        (no amulet)
Stlth   +            (no ring)
HPRegen 0.28/turn    (no ring)
MPRegen 0.09/turn

%: no passive effects
@: no status effects
A: horns 2, retaliatory headbutt
a: Renounce Religion, Berserk, Trog's Hand


You were on level 3 of the Dungeon.
You worshipped Trog.
Trog was most pleased with you.
You visited 1 branch of the dungeon, and saw 3 of its levels.

You collected 122 gold pieces.

Inventory:

Hand Weapons
 a - a +0 hand axe of electrocution (weapon)
Missiles
 f - 6 poisoned darts (quivered)
 r - 2 boomerangs
Armour
 c - a +0 leather armour (worn)
 l - a +0 pair of gloves (worn)
Jewellery
 n - a ring of positive energy
Scrolls
 g - a scroll of torment
 h - a scroll of enchant armour {unknown}
 m - a scroll of magic mapping
 o - a scroll of poison {unknown}
 p - a scroll of noise {unknown}
 q - a scroll of teleportation {unknown}
Potions
 b - 2 potions of degeneration {unknown}
 d - a potion of heal wounds {unknown}
 e - a potion of flight
 i - 3 potions of mutation {unknown}
 j - a potion of attraction {unknown}
 k - 2 potions of curing {unknown}


   Skills:
 + Level 5.7 Fighting
 + Level 5.6 Axes
 - Level 2.4 Armour
 - Level 2.1 Dodging


You had 4 spell levels left.
You didn't know any spells.
Your spell library was empty.

Dungeon Overview and Level Annotations

Branches:
Dungeon (3/15)

Altars:

Annotations:
D:3 Natasha


Innate Abilities, Weirdness & Mutations

You have a pair of horns on your head.
You reflexively headbutt those who attack you in melee.


Message History

No target in view!
No target in view!
k - 2 golden potions (gained 1)
A kobold comes into view. It is wielding a +0 dagger.
The kobold shouts!
The kobold moves out of view.
No target in view!
No target in view!
No target in view!
Found a hand axe and a potion of haste.
The kobold hits you but does no damage.
You barely miss the kobold.
Natasha hisses angrily.
Natasha zaps a wand.
The bolt of dispelling energy hits the kobold!!
The kobold dies!
The bolt of dispelling energy hits you!!
Natasha zaps a wand.
The bolt of dispelling energy misses you.
You closely miss Natasha. Your headbutt misses Natasha.
Natasha stares at you and mumbles some strange words.
The magic dart hits you!
You closely miss Natasha. Natasha barely misses you. You furiously retaliate!
You headbutt Natasha! You barely miss Natasha.
Natasha is severely wounded.
Natasha claws you.
You closely miss Natasha. Your headbutt misses Natasha.
Natasha is heavily wounded.
Natasha casts a spell at you. You resist with some effort.
You barely miss Natasha.
Natasha is heavily wounded.
Natasha zaps a wand.
The bolt of dispelling energy hits you!
* * * LOW HITPOINT WARNING * * *
You hit Natasha but do no damage. Your headbutt misses Natasha.
Natasha is heavily wounded.
Natasha zaps a wand.
The bolt of dispelling energy hits you!
You die...

.###.....)..........# .
..##...#####........### ..
..##...# #..........#...
..##.).## #####%..........
..>'....# ...#.##........
.###...## #.#.##........
.......####.#.....).......
............###.##..##.##.
%%........... #.Hh.......
..%...>.....# ####.....##.
........<...# .....)#
............# #.....#
............. .h!...#
#...........# .....#
$........... . #..........
#.........


You could see Natasha.

Vanquished Creatures
  Natasha (twice) (D:3)
  Robin (D:2)
  3 adders (D:2)
  2 worms (D:2)
  2 dart slugs (D:1)
  2 ball pythons
  5 bats
  5 endoplasms
  17 goblins
  7 hobgoblins
  3 jackals (D:3)
  2 quokkas (D:1)
  4 frilled lizards
  6 kobolds
  2 rats
63 creatures vanquished.

Vanquished Creatures (others)
  A kobold (D:3)
1 creature vanquished.

Grand Total: 64 creatures vanquished

Notes
Turn   | Place    | Note
-------+----------+-------------------------------------------
     0 | D:1      | Mandevil the Minotaur Berserker began the quest for the
                  | Orb.
     0 | D:1      | Reached XP level 1. HP: 19/19 MP: 0/0
   263 | D:1      | Reached XP level 2. HP: 23/27 MP: 1/1
   626 | D:1      | Reached XP level 3. HP: 31/34 MP: 2/2
   821 | D:2      | Reached ** piety under Trog
   852 | D:2      | Noticed Robin
   873 | D:2      | Killed Robin
   874 | D:2      | Reached XP level 4. HP: 8/41 MP: 3/3
  1079 | D:2      | Reached skill level 5 in Fighting
  1079 | D:2      | Reached skill level 5 in Axes
  1371 | D:2      | Found a faded altar of an unknown god.
  1961 | D:3      | Noticed Natasha
  1969 | D:3      | Killed Natasha
  1970 | D:3      | Reached XP level 5. HP: 45/48 MP: 4/4
  1982 | D:3      | Noticed Natasha
  1992 | D:3      | Killed Natasha
  1992 | D:3      | Reached *** piety under Trog
  2041 | D:3      | Noticed Natasha
  2126 | D:3      | Killed from afar by Natasha

Illustrated notes

Levels and vault maps discovered:
D:1:      lemuel_arrival_funnel, layout_basic, minmay_strange_pillars,
          minmay_misc_feat_nine_boxes, minivault_25
D:2:      layout_loops_corners, hellmonk_ecumenical_altar_leap_of_faith,
          uniq_robin
D:3:      layout_basic, uniq_natasha

Skill      XL: |  1  2  3  4 |
---------------+-------------+-----
Fighting       | 4 5 |  5.7
Axes           | 4 5 |  5.6
Armour         | |  2.4
Dodging        | |  2.1

Action                     |  1- 3 |  4- 6 || total
---------------------------+-------+-------++-------
  Melee: Hand axe          |    78 |    60 ||   138
         Headbutt          |     8 |     4 ||    12
 Invoke: Berserk           |     1 |       ||     1
    Use: Scroll            |     2 |     4 ||     6
 Armour: Leather armour    |    19 |    15 ||    34
         Animal skin       |     2 |       ||     2
  Dodge: Dodged            |    46 |    21 ||    67
